 Dungeon Crawl Stone Soup version 0.22-a0-605-g9281fa2 (webtiles) character file.

307 Lianjan the Spear-Bearer (level 6, 0/50 HPs)
             Began as a Minotaur Gladiator on July 8, 2018.
             Slain by a phantom (2 damage)
             ... on level 4 of the Dungeon.
             The game lasted 00:03:39 (2920 turns).

Lianjan the Spear-Bearer (Minotaur Gladiator)       Turns: 2920, Time: 00:03:40

Health: 0/50       AC:  7    Str: 19    XL:     6   Next: 16%
Magic:  5/5        EV: 11    Int:  7    God:
Gold:   168        SH:  0    Dex: 11    Spells: 5/5 levels left

rFire    . . .     SeeInvis .   a - +0 trident
rCold    . . .     Gourm    .   (no shield)
rNeg     . . .     Faith    .   h - +0 scale mail
rPois    .         Spirit   .   c - +0 hat
rElec    .         Reflect  .   (no cloak)
rCorr    .         Harm     .   (no gloves)
MR       .....                  j - +0 pair of boots
Stlth    ..........             (no amulet)
HPRegen  0.16/turn              (no ring)
MPRegen  0.09/turn              (no ring)

@: no status effects
A: retaliatory headbutt, horns 2
a: no special abilities


You were on level 4 of the Dungeon.
You were not hungry.

You visited 1 branch of the dungeon, and saw 4 of its levels.

You collected 168 gold pieces.

Inventory:

Hand Weapons
 a - a +0 trident (weapon)
Missiles
 d - 3 throwing nets (quivered)
 l - 42 stones
 r - 8 javelins
 s - 4 tomahawks
Armour
 c - a +0 hat (worn)
 h - a +0 scale mail (worn)
 j - a +0 pair of boots (worn)
Wands
 k - a wand of polymorph (16)
 t - a wand of paralysis (13)
Scrolls
 e - a scroll of magic mapping {unknown}
 g - 2 scrolls of remove curse {unknown}
 i - 2 scrolls of teleportation {unknown}
 m - 2 scrolls of identify {unknown}
Potions
 n - a potion of haste
 o - 3 potions of might {unknown}
 p - a potion of heal wounds {unknown}
 q - a potion of flight {unknown}
 u - 7 potions of curing {unknown}
Comestibles
 b - 2 chunks of flesh
 f - 3 rations


   Skills:
 - Level 2.6 Fighting
 + Level 8.2 Polearms
 - Level 2.1 Throwing
 - Level 3.4 Dodging


You had 5 spell levels left.
You didn't know any spells.
Your spell library was empty.

Dungeon Overview and Level Annotations

Branches:
Dungeon (4/15)
 Temple: D:4-7

Altars:
Elyvilon
Fedhas
Trog


Innate Abilities, Weirdness & Mutations

You reflexively headbutt those who attack you in melee.
You have a pair of horns on your head.


Message History

The two-headed ogre moves out of view.
The two-headed ogre is too close now for your liking.
A two-headed ogre is nearby!
Attack whom?
Press: ? - help, Dir - move target cursor, f - two-headed ogre
Aim: a two-headed ogre, wielding two giant spiked clubs You reach to attack!
You hit the two-headed ogre but do no damage.
You puncture the two-headed ogre!
The two-headed ogre is lightly wounded.
The two-headed ogre hits you with a giant spiked club!!
Ouch! That really hurt!
The two-headed ogre hits you with a giant spiked club!!
* * * LOW HITPOINT WARNING * * *
You are too injured to fight recklessly!
A phantom comes into view.
The phantom blinks!
Some of the chunks of flesh in your inventory have rotted away.
The phantom hits you.
You die...

#.# # #.# #.#.#
#.#.## .. ....
.#.######.#########
#.......#..........
......W........$...
.#####@#..........
#.#.###....## #.#.#
......
#.#.#####....
#.#..........
#.#.#########
#..........
#...#######
#####...#


You could see a phantom.

Vanquished Creatures
  An orc priest (D:3)
  Jessica (D:2)
  Terence (D:2)
  An orc wizard (D:3)
  A worker ant (D:2)
  Robin (D:2)
  5 adders
  An ooze (D:4)
  A worm (D:3)
  4 leopard geckos
  9 orcs
  8 bats
  2 giant cockroaches (D:2)
  17 goblins
  14 hobgoblins
  10 jackals
  12 kobolds
  2 quokkas (D:2)
  2 ball pythons
  2 frilled lizards
  4 rats
99 creatures vanquished.

Notes
Turn   | Place    | Note
-------+----------+-------------------------------------------
     0 | D:1      | Lianjan the Minotaur Gladiator began the quest for the Orb.
     0 | D:1      | Reached XP level 1. HP: 18/18 MP: 0/0
   140 | D:1      | Reached XP level 2. HP: 22/25 MP: 1/1
   144 | D:1      | Reached skill level 4 in Polearms
   639 | D:1      | Reached XP level 3. HP: 30/30 MP: 2/2
   743 | D:2      | Reached skill level 5 in Polearms
   821 | D:2      | Noticed Terence
   835 | D:2      | Reached XP level 4. HP: 24/37 MP: 3/3
   845 | D:2      | Killed Terence
   845 | D:2      | Reached skill level 6 in Polearms
  1184 | D:2      | Found a bloodstained altar of Trog.
  1235 | D:2      | Noticed Robin
  1247 | D:2      | Noticed Jessica
  1252 | D:2      | Killed Robin
  1252 | D:2      | Reached XP level 5. HP: 24/42 MP: 4/4
  1263 | D:2      | Killed Jessica
  1263 | D:2      | Reached skill level 7 in Polearms
  1753 | D:2      | Found a white marble altar of Elyvilon.
  2362 | D:3      | Reached XP level 6. HP: 28/50 MP: 5/5
  2529 | D:3      | Reached skill level 8 in Polearms
  2894 | D:4      | Found a blossoming altar of Fedhas.
  2913 | D:4      | Noticed a two-headed ogre
  2916 | D:4      | HP: 1/50 [two-headed ogre/giant spiked club (19)]
  2920 | D:4      | Slain by a phantom

Vault maps used:
D:1:      onia_arrival_pyramid
D:2:      lemuel_crystal_altar, marbit_many_paths, uniq_robin, uniq_jessica,
          uniq_terence
D:3:      minmay_tree_intersection
D:4:      overflow_temple_1_default, kennysheep_slug_shrine, serial_shops, shop,
          minmay_misc_feat_tower

Skill      XL: |  1  2  3  4  5  6 |
---------------+-------------------+-----
Polearms       | 4 5 6 7 8 |  8.2
Fighting       | |  2.6
Throwing       | |  2.1
Dodging        | |  3.4

Action                   |  1- 3 |  4- 6 || total
-------------------------+-------+-------++-------
Melee: Trident           |    87 |   154 ||   241
       Headbutt          |    12 |    20 ||    32
  Eat: Chunk             |       |     3 ||     3
       Ration            |       |     1 ||     1
Armor: Leather armour    |    33 |    14 ||    47
       Scale mail        |       |    23 ||    23
Dodge: Dodged            |    52 |    76 ||   128

Table legend:
 A = Spawn XP
 B = Non-spawn XP
 C = Spawn XP percentage of total XP
 D = Spawn monster count
 E = Non-spawn monster count
 F = Spawn count percentage of total count
 G = Total turns spent on level
                    A         B        C        D         E        F      G
               +---------+---------+-------+---------+---------+-------+---------
         Total |       0 |     439 |   0.0 |       0 |      99 |   0.0 |  2920
               +---------+---------+-------+---------+---------+-------+---------
           D:1 |       0 |      41 |   0.0 |       0 |      25 |   0.0 |   724
           D:2 |       0 |     240 |   0.0 |       0 |      45 |   0.0 |  1510
           D:3 |       0 |     148 |   0.0 |       0 |      27 |   0.0 |   648
           D:4 |       0 |      10 |   0.0 |       0 |       2 |   0.0 |    38
               +---------+---------+-------+---------+---------+-------+---------
